Map: Eternal Empire LE

Players

SpookyBoogie - Winner!

  • Race: Protoss Protoss
  • League: Gold
  • Spawn Location: 7:00

antagomiR

  • Race: Protoss Protoss
  • League: Gold
  • Spawn Location: 1:00

VOD

Have the link to the VOD?

Description

Time

  • Played on: April 15, 2020, 3:38 p.m.
  • Length: 8:37
Show
View Real Time Build Order
Export as new Build Order

SpookyBoogie Protoss - Winner!

Build Orders: 1 Gate Expand 

Get SALT Encoding   

  12  0:01  Probe  
  13  0:13  Probe  
  14  0:18  Pylon  
  14  0:25  Probe  
  15  0:37  Probe  
  16  0:49  Probe  
  17  0:51  Gateway  
  17  1:01  Probe  
  18  1:13  Probe  
  19  1:24  Nexus  
  19  1:30  Probe  
  20  1:38  Assimilator  
  20  1:41  Assimilator  
  20  1:50  Cybernetics Core  
  20  2:06  Pylon  
  20  2:09  Probe (Chrono Boost)  
  21  2:18  Probe (Chrono Boost)  
  22  2:23  Probe (Chrono Boost), Pylon  
  22  2:24  Zealot  
  25  2:30  Pylon  
  25  2:36  Probe x2  
  27  2:37  Warp Gate (Chrono Boost)  
  27  2:48  Probe x2  
  29  2:58  Gateway  
  29  3:01  Probe x2  
  31  3:17  Gateway  
  31  3:22  Forge  
  31  3:26  Pylon  
  31  3:29  Probe, Assimilator  
  31  3:30  Probe  
  34  3:41  Probe  
  34  3:42  Probe  
  34  3:45  Twilight Council  
  35  3:53  Probe  
  35  3:54  Probe  
  36  4:05  Probe, Protoss Ground Weapons Level 1  
  36  4:06  Probe  
  38  4:13  Pylon  
  38  4:17  Probe, Gateway  
  38  4:19  Probe, Charge (Chrono Boost), Gateway  
  40  4:32  Dark Shrine  
  40  4:39  Robotics Facility  
  40  4:42  Robotics Facility  
  40  4:49  Probe x2  
  40  4:51  Assimilator  
  42  4:56  Photon Cannon  
  42  5:01  Probe x2  
  44  5:17  Nexus  
  44  5:18  Probe  
  44  5:20  Probe  
  47  5:35  Observer  
  47  5:37  Observer  
  47  5:41  Zealot  
  47  5:42  Zealot x2  
  54  5:43  Zealot  
  56  5:52  Gateway x2  
  56  5:53  Gateway, Shadow Stride (Chrono Boost)  
  56  6:00  Immortal (Chrono Boost)  
  60  6:20  Dark Templar x4  
  68  6:34  Stargate  
  68  6:37  Stargate  
  68  6:39  Stargate  
  68  6:48  Stalker x2  
  68  6:50  Stalker  
  74  7:04  Pylon  
  74  7:05  Pylon  
  74  7:11  Dark Templar  
  74  7:12  Gateway  
  76  7:16  Gateway  
  76  7:18  Probe x3, Gateway  
  79  7:30  Probe  
  80  7:47  Dark Templar  
  80  7:48  Dark Templar x3  
  80  7:50  Probe x3  
  91  8:02  Probe x3  
  92  8:14  Probe  
Show
View Real Time Build Order
Export as new Build Order

antagomiR Protoss 

Build Orders:  

Get SALT Encoding   

  12  0:01  Probe  
  13  0:15  Probe  
  14  0:25  Pylon  
  14  0:28  Probe  
  15  0:44  Gateway  
  15  0:48  Probe (Chrono Boost)  
  16  0:52  Assimilator  
  16  1:00  Probe (Chrono Boost)  
  17  1:06  Probe (Chrono Boost)  
  18  1:18  Probe  
  18  1:21  Assimilator  
  19  1:30  Probe  
  20  1:33  Cybernetics Core  
  19  1:55  Nexus  
  19  1:56  Probe  
  19  2:00  Warp Gate  
  20  2:02  Pylon  
  20  2:18  Adept (Chrono Boost)  
  22  2:24  Probe  
  23  2:36  Probe  
  24  2:40  Stalker  
  26  2:48  Probe  
  27  2:53  Pylon  
  27  2:58  Robotics Facility  
  27  3:03  Probe  
  28  3:11  Probe  
  29  3:18  Sentry  
  31  3:20  Probe  
  31  3:25  Probe  
  33  3:32  Probe  
  34  3:37  Probe  
  35  3:44  Probe  
  36  3:49  Probe, Gateway  
  36  3:50  Gateway  
  37  3:56  Observer (Chrono Boost)  
  37  3:57  Stalker  
  37  4:02  Probe x2  
  42  4:08  Assimilator  
  42  4:14  Probe x2  
  42  4:15  Observer (Chrono Boost)  
  45  4:18  Pylon  
  45  4:28  Probe x2  
  47  4:33  Immortal  
  51  4:40  Probe  
  51  4:41  Probe  
  53  4:52  Probe, Stalker  
  56  4:53  Stalker  
  56  4:54  Sentry  
  56  4:56  Probe  
  61  5:02  Assimilator  
  61  5:05  Probe  
  62  5:15  Nexus  
  62  5:25  Pylon  
  62  5:28  Probe  
  62  5:30  Pylon  
  62  5:43  Probe x2, Observer (Chrono Boost)  
  62  5:44  Phoenix  
  62  5:49  Pylon  
  65  5:53  Pylon  
  65  5:55  Probe x2  
  67  5:57  Immortal  
  71  6:07  Probe  
  72  6:17  Probe  
  73  6:19  Probe  
  73  6:21  Shield Battery  
  74  6:31  Pylon  
  74  6:33  Pylon  
  74  6:34  Shield Battery  
  74  6:37  Immortal  
  74  6:38  Gateway  
  78  6:41  Gateway x2  
  78  6:43  Phoenix, Gateway  
  78  6:48  Gateway  
  78  6:49  Probe x3  
  81  6:57  Assimilator  
  81  7:01  Probe x3  
  81  7:04  Forge  
  81  7:07  Twilight Council  
  84  7:13  Probe x3  
  87  7:16  Immortal, Observer  
  91  7:25  Probe x2  
  91  7:26  Probe  
  79  7:37  Probe  
  79  7:38  Probe x2, Observer  
Tags
 
League
GoldGold
Matchup
PvP
Replay Pack
20200422
Spawn Locations
Cross Positions
Add a new tag
Caveats
  • Supply blocks, unpowered buildings, or Contaminate may cause inaccurate times.
  • Supply counts are checked every 10 seconds.